 Dungeon Crawl Stone Soup version 0.14-a0-218-g24e112a (webtiles) character file.

249925 Deemzul the Imperceptible (level 19, -8/86 (89) HPs)
             Began as a Spriggan Assassin on Oct 9, 2013.
             Was the Champion of Ashenzari.
             Mangled by a titan (13 damage)
             ... on Level 22 of the Dungeon.
             The game lasted 06:51:54 (62690 turns).

Deemzul the Imperceptible (Spriggan Assassin)      Turns: 62690, Time: 06:51:55

HP  -8/86 (89)   AC 14     Str 10      XL: 19   Next: 51%
MP  40/40        EV 43     Int 16      God: Ashenzari [******]
Gold 4152        SH 18     Dex 24      Spells:  0 memorised, 18 levels left

Res.Fire  : + . .   See Invis. : +   k - +3,+4 sabre (drain)
Res.Cold  : + + .   Warding    : .   h - +2 elf robe {rC+} (curse)
Life Prot.: . . .   Conserve   : +   x - +2 elf buckler (curse)
Res.Poison: .       Res.Corr.  : .   Z - +2 wizard hat {Int+3} (curse)
Res.Elec. : .       Clarity    : +   v - +2 dwarf cloak (curse)
Sust.Abil.: . .     Spirit.Shd : .   (gloves unavailable)
Res.Mut.  : .       Stasis     : .   (boots unavailable)
Res.Rott. : .       Flight     : .   A - cursed amulet of Zenifil {Cons -Cast rF+ rC+}
Saprovore : . . .                    F - cursed ring of regeneration
                                     M - cursed +4 ring of strength

@: very quick, extremely resistant to hostile enchantments, uncannily stealthy
A: unfitting armour, camouflage 1, see invisible, deformed body, herbivore 3,
speed 3, +10% hp, slow metabolism 2, AC +6, Str -2
a: Scrying, Transfer Knowledge, Renounce Religion


You were on level 22 of the Dungeon.
You worshipped Ashenzari.
Ashenzari was exalted by your worship.
You were very full.

You visited 7 branches of the dungeon, and saw 46 of its levels.
You also visited: Labyrinth and Wizlab.

You collected 4326 gold pieces.
You spent 224 gold pieces at shops.

Inventory:

Hand weapons
 a - a +4,+4 dagger of venom
 b - a +3 blowgun
 k - a +3,+4 sabre of draining (weapon)
Missiles
 e - 42 poisoned needles
 p - 4 needles of paralysis
 r - 6 curare-tipped needles
 t - 6 needles of sleeping
 W - 4 needles of slowing
Armour
 h - a cursed +2 elven robe of cold resistance (worn)
 v - a cursed +2 dwarven cloak (worn)
 x - a cursed +2 elven buckler (worn)
 Z - a cursed +2 wizard hat of intelligence (worn)
Magical devices
 c - a wand of heal wounds (6)
 f - a wand of enslavement (13)
 l - a wand of paralysis (6)
 m - a wand of cold (3)
 n - a wand of polymorph (12)
 y - a wand of random effects (13)
Comestibles
 Q - an apple
Scrolls
 d - a scroll of curse armour
 i - a scroll of fear
 o - 6 scrolls of identify
 w - 2 scrolls of fog
 B - a scroll of curse weapon
 H - 2 scrolls of teleportation
 N - 4 scrolls of remove curse
 O - 2 scrolls of enchant armour
 P - 4 scrolls of magic mapping
 R - a scroll of recharging
 V - 2 scrolls of vulnerability
Jewellery
 g - the cursed ring of the Hidden Tales {Hunger- rC+ Dex-2 Int+3}
   (You took it off an ogre mage on level 22 of the Dungeon)

   [ring of sustenance]

   It affects your intelligence (+3).
   It affects your dexterity (-2).
   It protects you from cold.
   It has a curse placed upon it.
 u - an uncursed ring of poison resistance
 A - the cursed amulet of Zenifil (around neck) {Cons -Cast rF+ rC+}
   (You found it on level 7 of the Lair of Beasts)

   [amulet of conservation]

   It protects you from fire.
   It protects you from cold.
   It prevents spellcasting.
   It has a curse placed upon it.
 F - a cursed ring of regeneration (right hand)
 G - the ring of Shrefuapto {+Fly rElec SInv}
   (You found it in a wizard's laboratory)

   [ring of see invisible]

   It insulates you from electricity.
   It lets you fly.
 I - the cursed ring of Ximurupa {SustAb rF+ rC+ Int+2}
   (You found it on level 22 of the Dungeon)

   [ring of sustain abilities]

   It affects your intelligence (+2).
   It protects you from fire.
   It protects you from cold.
   It has a curse placed upon it.
 J - a cursed ring of teleportation
 M - a cursed +4 ring of strength (left hand)
Potions
 j - 6 potions of brilliance
 q - 2 potions of invisibility
 z - 5 potions of curing
 C - 2 potions of might
 D - 3 potions of berserk rage
 K - 4 potions of agility
 L - a potion of resistance
 U - 5 potions of restore abilities
Miscellaneous
 s - a lamp of fire
 E - a box of beasts
Rods
 Y - a +4 rod of demonology (17/17)
   (You found it in a wizard's laboratory)


   Skills:
 - Level 1.5 Fighting
 + Level 22.0 Short Blades
 - Level 2.1 Throwing
 + Level 21.7(25.1) Dodging
 - Level 24.8(27) Stealth
 - Level 1.0(2.7) Shields
 + Level 20.2(23.7) Evocations


You had 18 spell levels left.
You didn't know any spells.

Dungeon Overview and Level Annotations

Branches:
Dungeon (27/27)               Orc (4/4) D:8             Elf (2/3) Orc:4
   Lair (8/8) D:12          Swamp (1/5) Lair:3       Spider (1/5) Lair:6
  Slime (0/6) Lair:8       Vaults (3/5) D:15
 Temple: D:4-7        Blade: Vaults:3-4   Crypt: Vaults:2-3     Zot: D:27
 Forest: Vaults:2-3

Altars:
Ashenzari
Cheibriados
Elyvilon
Fedhas
Kikubaaqudgha
Okawaru
Xom
Yredelemnul
the Shining One
Beogh

Shops:
D:8 (   D:9 ?   D:15 ?   D:24 %?[%%   Orc:1 *   Orc:4 *=   Elf:2 }
Vaults:3 */

Portals:
Hell: D:21 D:22 D:23 D:24 D:26 D:27
Abyss: D:21 D:24 D:27
Pandemonium: D:24 D:27

Annotations:
D:4 dsn's ghost, average SpEn
D:12 exclusion: 4 oklob plants
D:25 Sojobo
Orc:4 Saint Roka
Lair:8 exclusion: oklob plant
Vaults:1 Zifmia's ghost, mighty MfDK
Vaults:2 exclusion: Roxanne, Roxanne


Innate Abilities, Weirdness & Mutations

You are tiny and cannot use many weapons and most armour.
You have supernaturally acute eyesight.
You are a herbivore.
You cover ground extremely quickly.
You need consume almost no food.
You are partially covered in iridescent scales (AC +4).
You are partially covered in thin metallic scales (AC +2).
Your skin changes colour to match your surroundings (Stlth).
Armour fits poorly on your strangely shaped body.
You are robust (+10% HP).
You are weak. (Str -2)


Message History

You feel much better.
This wand has 6 charges left.
You hit the titan but do no damage. You drain the titan! The titan hits you!
Ouch! That really hurt!
* * * LOW HITPOINT WARNING * * *
Read which item? (? for menu, Esc to quit)
Okay, then.
Unknown command.
Evoke which item? (* to show all) (? for menu, Esc to quit)
Okay, then.
Unknown command.
Read which item? (? for menu, Esc to quit)
Okay, then.
Unknown command.
Press: ? - help, v - describe, . - travel
Here: a titan The floor.
Read which item? (? for menu, Esc to quit)
As you read the scroll of summoning, it crumbles to dust.
Wisps of shadow whirl around you... The titan hits you!
You die...

......[....## .....#[.....#
......#.....###
..............#
..........≈≈≈.## ###
........#.≈≈≈..## ##.§##
#........#.≈≈..D###.§*:##
###'#.....#..u..##.H..*[#
#...##.....#u..u@#'##H..#
#....'..........uC..# .##
#)..[##'#...^.#.....+ *#
#>.###[.##.....#...*##
######...'...........## *
*#....#............# ≈≈
*#∩[..#....#.......####
,∩≈*#######.....#.....#..##
***##..##......#...+...#


You could see a titan, a friendly ice dragon and 4 friendly ugly things.

Vanquished Creatures
  A Hellbinder (WizLab)
  A lich (D:26)
  Frederick (D:22)
  2 shadow dragons (D:27)
  A storm dragon (D:27)
  5 frost giants
  4 tengu reavers
  A balrug (WizLab)
  3 sphinxes
  A vault warden (Vaults:1)
  14 stone giants
  A green draconian (D:27)
  2 deep elf demonologists (WizLab)
  A blizzard demon (WizLab)
  A mottled draconian (D:27)
  A lorocyproca (WizLab)
  Snorg (D:14)
  8 vault guards
  3 ettins
  A minotaur (Lab)
  An ironheart preserver (Vaults:3)
  Fannar (Lair:2)
  6 great orbs of eyes
  Harold (D:15)
  12 hydras
  9 ogre magi
  Erica (D:16)
  6 deep troll shamans
  A ravenous item mimic (Lair:8)
  2 dragons
  4 deep troll earth magi
  17 death yaks
  Josephine (D:16)
  12 yaktaur captains
  A very ugly thing (D:22)
  Nergalle (D:15)
  2 fire crabs (Vaults:2)
  18 centaur warriors
  A storm dragon zombie (D:21)
  15 deep elf knights
  20 deep trolls
  A storm dragon skeleton (D:23)
  4 flayed ghosts
  3 unseen horrors
  The ghost of goblolo the Arsonist, an experienced DEFE of Vehumet (Lair:1)
  An unseen horror (shapeshifter) (Elf:2)
  7 harpies
  A faun (Vaults:1)
  A lindwurm (Lair:8)
  A wizard (Vaults:2)
  Erolcha (Orc:1)
  2 iron trolls
  4 giant amoebae
  An orc high priest (Orc:4)
  13 hill giants
  5 griffons
  A crystal golem (D:22)
  2 ironbrand convokers
  A necromancer (Lair:8)
  3 wolf spider zombies
  2 oklob plants (Lair:8)
  17 orc knights
  A frost giant zombie (D:20)
  7 stone giant zombies
  A fire giant zombie (D:20)
  12 cyclopes
  A sphinx skeleton (Vaults:1)
  A shining eye (shapeshifter) (D:26)
  2 wolf spiders
  17 elephants
  Maurice (D:11)
  4 black mambas
  A guardian serpent (D:13)
  8 stone giant skeletons
  5 vault sentinels
  A spiny frog (shapeshifter) (D:18)
  2 queen ants
  2 deep elf summoners (Elf:1)
  18 yaktaurs
  A feature mimic (Lair:4)
  15 spiny frogs
  10 deep elf conjurers
  3 red wasps
  A demonic crawler (Lair:6)
  7 komodo dragons
  2 orb spiders (Spider:1)
  9 deep elf priests
  A harpy zombie (D:20)
  2 fire drakes
  A hydra zombie (D:16)
  Sonja (D:15)
  Nessos (D:14)
  A raven (Swamp:1)
  4 orc sorcerers
  9 two-headed ogres
  A red wasp zombie (D:16)
  22 blink frogs
  2 bog bodies (Swamp:1)
  4 wandering mushrooms (D:14)
  2 ettin zombies (D:22)
  6 boulder beetles
  2 griffon zombies
  27 slime creatures
  8 trapdoor spiders
  2 redbacks
  A redback (shapeshifter) (D:22)
  A basilisk (Lair:8)
  2 hill giant zombies
  3 wyverns
  2 wraiths
  5 shadows
  63 yaks
  2 ettin skeletons
  A fire drake (shapeshifter) (D:18)
  A tarantella (Spider:1)
  A wyvern (shapeshifter) (D:22)
  A hungry ghost (D:12)
  A queen bee (D:12)
  Eustachio (Orc:2)
  3 jumping spiders
  24 vampire mosquitoes
  A golden eye (shapeshifter) (D:18)
  3 clay golems
  5 hill giant skeletons
  5 trolls
  8 hippogriffs
  22 deep elf magi
  7 swamp worms
  18 deep elf fighters
  31 wolves
  2 ravens (shapeshifter)
  22 soldier ants
  3 manticores
  A soldier ant (shapeshifter) (Vaults:1)
  5 sky beasts
  3 freezing wraiths
  A necrophage (D:8)
  56 orc warriors
  2 deep troll skeletons
  2 dwarves (Orc:3)
  A giant leech (Swamp:1)
  52 ugly things
  12 humans
  2 phantoms
  A yellow wasp (D:15)
  3 ice beasts
  3 porcupines
  2 black bears
  4 nagas
  An ice beast (shapeshifter) (Elf:1)
  A boring beetle (Lair:7)
  45 centaurs
  45 ogres
  A grizzly bear (shapeshifter) (D:20)
  Sigmund (D:6)
  13 crocodiles
  12 giant slugs
  A brain worm (D:15)
  21 giant frogs
  A yaktaur zombie (D:15)
  13 water moccasins
  A giant slug zombie (D:15)
  A gnoll sergeant (D:7)
  A swamp drake (Swamp:1)
  A yaktaur skeleton (D:19)
  6 agate snails
  A cyclops zombie (D:17)
  3 cyclops skeletons
  A rock worm (D:18)
  A manticore skeleton (D:11)
  5 big kobolds
  2 oklob saplings (D:14)
  An eye of draining (shapeshifter) (D:17)
  51 killer bees
  A hippogriff zombie (D:8)
  2 troll zombies
  A yak skeleton (D:14)
  4 giant goldfish (Swamp:1)
  12 crimson imps
  A troll skeleton (D:12)
  An electric eel (Lair:3)
  3 giant frog zombies
  A boring beetle zombie (D:20)
  5 goliath beetles
  3 mottled dragons
  A quasit (D:6)
  2 big fish (Lair:3)
  6 hounds
  2 wargs
  4 scorpions
  3 orange rats (Elf:1)
  2 two-headed ogre skeletons
  35 orc priests
  A boulder beetle simulacrum (D:18)
  A yak simulacrum (D:15)
  5 iguanas
  A shapeshifter simulacrum (D:16)
  15 sheep
  45 worker ants
  38 orc wizards
  4 grizzly bear simulacra (Lair:8)
  A sky beast zombie (D:10)
  Ijyb (Lair:6)
  A crocodile skeleton (D:6)
  10 boggarts
  A mummy (D:16)
  7 gnolls (D:7)
  2 hound simulacra (Lair:8)
  18 adders
  5 giant mites
  5 giant centipedes
  13 green rats
  A goliath beetle zombie (D:12)
  2 worms
  A worm (shapeshifter) (D:17)
  An adder skeleton (D:8)
  3 giant eyeballs
  2 oozes
  194 orcs
  4 sheep simulacra (Lair:8)
  19 bats
  A bat skeleton (D:5)
  2 giant cockroaches
  15 goblins
  10 hobgoblins
  18 jackals
  6 quokkas
  A ball python (D:4)
  9 giant geckos
  3 giant newts
  36 kobolds
  3 orc skeletons
  An orc zombie (Orc:2)
  23 rats
  A rat simulacrum (Lair:8)
  6 fungi (Lair:8)
  A plant (Lair:8)
1730 creatures vanquished.

Vanquished Creatures (collateral kills)
  A bone dragon (D:27)
  2 tengu reavers
  A draconian shifter (D:27)
  2 stone giants
  A blizzard demon (WizLab)
  A red draconian (D:27)
  A ravenous item mimic (D:22)
  3 deep troll shamans
  2 deep troll earth magi
  7 yaktaur captains
  A fire crab (shapeshifter) (D:27)
  An iron golem (D:22)
  A centaur warrior (D:22)
  A sun demon (WizLab)
  2 flayed ghosts
  8 deep trolls
  A deep elf conjurer (D:24)
  2 deep elf knights (D:24)
  An orc sorcerer (D:24)
  A sixfirhy (D:27)
  3 orc knights
  7 yaktaurs
  A red devil (D:27)
  2 naga magi (D:22)
  A blue devil (D:27)
  2 two-headed ogres
  An ettin zombie (D:22)
  An eye of devastation (shapeshifter) (Vaults:2)
  2 deep elf magi (D:24)
  6 nagas (D:22)
  2 freezing wraiths (D:22)
  3 orc warriors
  A boring beetle (D:27)
  3 ogres (D:24)
  A warg (D:24)
  2 orc wizards
  A lemure (D:27)
  2 orcs
  A kobold (D:4)
  A rat (shapeshifter) (D:27)
83 creatures vanquished.

Vanquished Creatures (others)
  The ghost of timbw the Eclecticist, a powerful SpFE of Ashenzari (Elf:2)
  A sixfirhy (Vaults:1)
  A smoke demon (WizLab)
  4 fire elementals
  2 orange demons (Vaults:2)
  An efreet (D:24)
  A vault sentinel (D:22)
  A red devil (Vaults:2)
  A blue devil (Vaults:1)
  A deep elf mage (Elf:1)
  A chaos spawn (Vaults:1)
  A deep elf fighter (D:24)
  11 chimeras
  A hound (Lair:1)
  A worker ant (Lair:2)
  A sheep (Lair:7)
  A giant centipede (D:19)
  A bat (D:4)
  5 fungi
  A plant (D:12)
38 creatures vanquished.

Grand Total: 1851 creatures vanquished

Notes
Turn   | Place    | Note
--------------------------------------------------------------
     0 | D:1      | Deemzul, the Spriggan Assassin, began the quest for the Orb.
     0 | D:1      | Reached XP level 1. HP: 10/10 MP: 1/1
    60 | D:1      | Reached skill level 6 in Stealth
   112 | D:1      | Reached XP level 2. HP: 7/14 MP: 3/3
   895 | D:2      | Reached XP level 3. HP: 3/18 MP: 5/5
  1202 | D:2      | Reached skill level 7 in Stealth
  2031 | D:3      | Reached XP level 4. HP: 22/22 MP: 7/7
  2084 | D:3      | Noticed an agate snail
  2120 | D:3      | Killed an agate snail
  2120 | D:3      | Reached skill level 8 in Stealth
  2236 | D:3      | Found a snail-covered altar of Cheibriados.
  2360 | D:3      | Reached XP level 5. HP: 25/25 MP: 9/9
  2662 | D:3      | Found a shimmering altar of Xom.
  2680 | D:3      | Found a shattered altar of Ashenzari.
  2723 | D:3      | Became a worshipper of Ashenzari the Shackled
  3471 | D:4      | Found a blossoming altar of Fedhas.
  3668 | D:4      | Noticed dsn's ghost (average SpEn)
  3899 | D:5      | Entered Level 5 of the Dungeon
  3967 | D:5      | Noticed an ogre
  3978 | D:5      | Killed an ogre
  3978 | D:5      | Reached skill level 9 in Stealth
  3978 | D:5      | Reached XP level 6. HP: 27/30 MP: 11/11
  4306 | D:5      | Reached skill level 10 in Stealth
  4851 | D:6      | Reached skill level 5 in Short Blades
  5055 | D:6      | Noticed Sigmund
  5073 | D:6      | Found an ancient bone altar of Kikubaaqudgha.
  5208 | D:6      | Reached XP level 7. HP: 27/34 MP: 13/13
  5308 | D:6      | Reached skill level 11 in Stealth
  5928 | D:8      | Found Claufeiwk's Weapon Boutique.
  6037 | D:8      | Found a basalt altar of Yredelemnul.
  6208 | D:9      | Acquired Ashenzari's first power
  6467 | D:9      | Identified the Almanac of Congealing Confrontation
  6641 | D:10     | Entered Level 10 of the Dungeon
  6776 | D:10     | Paralysed by a giant eyeball for 4 turns
  6796 | D:9      | Found Poasmaff's Magic Scroll Shop.
  6804 | D:9      | Bought a scroll of enchant weapon II for 60 gold pieces
  6804 | D:9      | Bought a scroll of recharging for 60 gold pieces
  6804 | D:9      | Bought a scroll of magic mapping for 38 gold pieces
  6804 | D:9      | Bought a scroll of fear for 38 gold pieces
  6925 | D:8      | Reached skill level 12 in Stealth
  7102 | D:8      | Reached XP level 8. HP: 38/38 MP: 15/15
  7432 | D:8      | Reached skill level 5 in Dodging
  7644 | D:8      | Reached skill level 13 in Stealth
  7750 | D:8      | Found a staircase to the Orcish Mines.
  8591 | D:6      | Killed Sigmund
  8895 | D:10     | Identified the Almanac of Unstable Aid
  9082 | D:10     | Reached skill level 14 in Stealth
  9108 | D:10     | Reached XP level 9. HP: 30/42 MP: 17/17
 10099 | D:11     | Acquired Ashenzari's second power
 10450 | D:12     | Noticed a hill giant
 10581 | D:13     | Reached skill level 15 in Stealth
 10586 | D:13     | Noticed a centaur warrior
 11003 | D:13     | Reached XP level 10. HP: 24/46 MP: 18/18
 11033 | D:13     | Found a glowing golden altar of the Shining One.
 11315 | D:13     | Noticed an unseen horror
 11342 | D:14     | Entered Level 14 of the Dungeon
 11421 | D:12     | Reached skill level 16 in Stealth
 11441 | D:12     | Noticed a hill giant
 11661 | D:12     | Reached skill level 10 in Short Blades
 11739 | D:13     | Killed an unseen horror
 11753 | D:14     | Noticed a centaur warrior
 11762 | D:13     | Noticed a griffon
 12159 | D:12     | Killed a hill giant
 12449 | D:12     | Reached skill level 17 in Stealth
 12887 | D:11     | Reached skill level 10 in Dodging
 13032 | D:11     | Noticed Maurice
 13611 | D:12     | Killed a hill giant
 13611 | D:12     | Reached XP level 11. HP: 29/50 MP: 20/20
 13711 | D:13     | Killed a griffon
 13763 | D:13     | Noticed a hill giant
 13771 | D:13     | Killed a hill giant
 13786 | D:13     | Noticed a guardian serpent
 14068 | D:13     | Killed a centaur warrior
 14267 | D:12     | Found a staircase to the Lair.
 14400 | D:11     | Killed Maurice
 14400 | D:11     | Reached skill level 18 in Stealth
 14792 | Orc:1    | Entered Level 1 of the Orcish Mines
 15286 | Lair:1   | Entered Level 1 of the Lair of Beasts
 15353 | Lair:1   | Noticed goblolo's ghost (experienced DEFE)
 15386 | Lair:1   | Killed goblolo's ghost
 15576 | Lair:1   | Acquired Ashenzari's third power
 16001 | Lair:1   | Reached skill level 1 in Shields
 16349 | Lair:2   | Found a labyrinth entrance.
 16367 | Lab      | Entered a labyrinth
 16587 | Lab      | Noticed a minotaur
 16654 | Lab      | Killed a minotaur
 16654 | Lab      | Reached skill level 1 in Evocations
 16666 | Lab      | Identified Mnato's Disquisition on Dislocated Earth
 16678 | Lab      | Identified the Guide on Bewitchment and Combat Magic
 16711 | Lab      | Identified the ring "Fefatuud" {Fire Str-2 Acc-1} (You found it in a labyrinth)
 17268 | Lair:2   | Noticed Fannar
 17530 | Lair:1   | Reached skill level 19 in Stealth
 18158 | Lair:3   | Got an uncursed scintillating amber ring
 18213 | Lair:3   | Reached XP level 12. HP: 38/54 MP: 22/24
 19161 | Lair:3   | Found a staircase to the Swamp.
 19493 | Lair:4   | Found a hole to the Spider Nest.
 19496 | Lair:4   | the hole to the Spider Nest was a mimic.
 19797 | Lair:4   | Reached skill level 5 in Evocations
 19953 | Lair:4   | Reached skill level 20 in Stealth
 20130 | Lair:4   | Gained mutation: You are robust (+10% HP). [potion of mutation]
 20130 | Lair:4   | Gained mutation: Your skin changes colour to match your surroundings (Stlth). [potion of mutation]
 20130 | Lair:4   | Gained mutation: Armour fits poorly on your strangely shaped body. [potion of mutation]
 20148 | Lair:5   | Identified the ring "Faudd" {Dex+2 SInv Stlth-} (You found it on level 3 of the Lair of Beasts)
 20674 | Lair:5   | Gained mutation: You are weak. (Str -2) [potion of mutation]
 20674 | Lair:5   | Gained mutation: You are partially covered in iridescent scales (AC +4). [potion of mutation]
 20758 | Lair:5   | Got the spear "Cruce" {pierce, *Tele rElec rC++ Str+3}
 20882 | Lair:5   | Identified the +3 chain mail "Pilusu" {Int+3 Acc+5}
 20903 | Lair:5   | Identified a scroll of acquirement
 20903 | Lair:5   | Identified the cursed -5 wizard hat "Umott" {Int+2 Curse} (You acquired it on level 5 of the Lair of Beasts)
 20927 | Lair:5   | Noticed a five-headed hydra
 21085 | Lair:6   | Acquired Ashenzari's fourth power
 21102 | Lair:6   | Noticed Ijyb
 21214 | Lair:6   | Killed Ijyb
 21372 | Lair:6   | Reached XP level 13. HP: 63/63 MP: 28/28
 21467 | Lair:6   | Found a hole to the Spider Nest.
 22212 | Lair:7   | Got an uncursed smoking emerald amulet
 22566 | Lair:7   | Reached skill level 21 in Stealth
 24063 | Lair:8   | Entered Level 8 of the Lair of Beasts
 24502 | Lair:8   | Reached skill level 15 in Short Blades
 24956 | Lair:8   | Identified the +0 ring mail of Whack-A-Mole {rC+}
 25006 | Lair:8   | Identified the amulet of Zenifil {Cons -Cast rF+ rC+} (You found it on level 7 of the Lair of Beasts)
 25105 | Lair:8   | Reached skill level 22 in Stealth
 25177 | Lair:8   | Reached XP level 14. HP: 65/65 MP: 29/31
 25456 | Lair:4   | Gained mutation: You are partially covered in thin metallic scales (AC +2). [potion of beneficial mutation]
 25911 | Lair:2   | Reached skill level 10 in Evocations
 26322 | Lair:2   | Killed Fannar
 26423 | Lair:2   | Noticed a seven-headed hydra
 26425 | Lair:2   | Killed a seven-headed hydra
 26426 | Lair:2   | Found a white marble altar of Elyvilon.
 27142 | Orc:1    | Noticed Erolcha
 27151 | Orc:1    | Killed Erolcha
 27198 | Orc:1    | Found Skaeqoit's Assorted Antiques.
 27871 | Orc:2    | Noticed Eustachio
 27880 | Orc:2    | Killed Eustachio
 28277 | Orc:3    | Found an iron altar of Okawaru.
 28832 | Orc:4    | Entered Level 4 of the Orcish Mines
 28833 | Orc:4    | Found a staircase to the Elven Halls.
 28975 | Orc:4    | Found a roughly hewn altar of Beogh.
 29063 | Orc:4    | Found Feimem's Jewellery Shop.
 29063 | Orc:4    | Found a roughly hewn altar of Beogh.
 29250 | Orc:4    | Found a roughly hewn altar of Beogh.
 29489 | Orc:4    | Noticed Saint Roka
 29997 | D:12     | Noticed a cyclops
 30070 | D:12     | Noticed a cyclops
 30135 | D:12     | Killed a cyclops
 30161 | D:12     | Noticed a yaktaur captain
 30250 | D:12     | Noticed an oklob plant
 30266 | D:12     | Killed a yaktaur captain
 30511 | D:12     | Noticed an oklob plant
 30511 | D:12     | Noticed an oklob plant
 30630 | D:14     | Killed a centaur warrior
 30772 | D:13     | Killed a guardian serpent
 30772 | D:13     | Reached skill level 15 in Dodging
 30955 | D:14     | Noticed Nessos
 30997 | D:14     | Killed Nessos
 31413 | D:14     | Noticed Snorg
 31421 | D:14     | Killed Snorg
 31421 | D:14     | Reached skill level 23 in Stealth
 31475 | D:14     | Found a blossoming altar of Fedhas.
 31624 | D:15     | Entered Level 15 of the Dungeon
 32157 | D:15     | Found a staircase to the Vaults.
 32164 | D:15     | Noticed Nergalle
 32166 | D:15     | Killed Nergalle
 32251 | D:15     | Noticed Sonja
 32300 | D:15     | Killed Sonja
 32656 | D:15     | Found Croakly's Magic Scroll Shop.
 32805 | D:15     | Identified the cursed +0 leather armour of Ladders and Snakes {Str+5}
 32823 | D:16     | Identified the cursed -1 leather armour of the Three Blessings {+Blink rC+}
 32823 | D:16     | Noticed Josephine
 32878 | D:16     | Noticed Harold
 32913 | D:15     | Killed Harold
 32913 | D:15     | Reached XP level 15. HP: 64/68 MP: 33/33
 33087 | D:16     | Killed Josephine
 33639 | D:16     | Noticed Erica
 33697 | D:16     | Killed Erica
 35343 | D:18     | Identified the +2 scale mail of Insatiable Hunger {Dex+4 Int-5}
 36202 | D:18     | Reached skill level 24 in Stealth
 38169 | Vaults:1 | Entered Level 1 of the Vaults
 38405 | Vaults:1 | Noticed Zifmia's ghost (mighty MfDK)
 39170 | Swamp:1  | Entered Level 1 of the Swamp
 39365 | Swamp:1  | Paralysed by a red wasp for 1 turns
 39628 | Spider:1 | Entered Level 1 of the Spider Nest
 39816 | Lair:7   | Reached XP level 16. HP: 58/77 MP: 34/34
 40379 | Lair:8   | Found a staircase to the Slime Pits.
 41303 | Lair:5   | Killed a six-headed hydra
 41592 | Elf:1    | Entered Level 1 of the Elven Halls
 41737 | Elf:1    | Found a magical portal.
 41744 | WizLab   | Entered a wizard's laboratory
 41897 | WizLab   | Noticed Lepopt
 41904 | WizLab   | Found a burning altar of Makhleb.
 41910 | WizLab   | Killed Lepopt the Hellbinder
 42034 | WizLab   | Identified Sif Muna's Almanac of Slavery
 42039 | WizLab   | Identified the Disquisition on the Escort
 42078 | WizLab   | Got an uncursed scintillating turquoise ring
 42081 | WizLab   | Identified the ring of Shrefuapto {+Fly rElec SInv} (You found it in a wizard's laboratory)
 42162 | WizLab   | Identified a -1 rod of demonology (13/13) (You found it in a wizard's laboratory)
 43668 | Orc:4    | Found a roughly hewn altar of Beogh.
 43719 | Orc:4    | Found Lutucyab's General Store.
 43719 | Orc:4    | Found a roughly hewn altar of Beogh.
 46391 | Vaults:1 | Reached skill level 15 in Evocations
 47348 | Vaults:1 | Reached XP level 17. HP: 81/81 MP: 36/36
 48135 | Vaults:3 | Found Memaumn's Magical Wand Shop.
 48140 | Vaults:3 | Found Suqenai's Assorted Antiques.
 48821 | Vaults:2 | Noticed Roxanne
 50529 | Elf:2    | Found Anadgh's Gadget Boutique.
 50731 | Elf:2    | Noticed timbw's ghost (powerful SpFE)
 50746 | Elf:2    | Killed timbw's ghost
 52832 | D:20     | Entered Level 20 of the Dungeon
 54553 | D:21     | Found a one-way gate to the infinite horrors of the Abyss.
 54692 | D:21     | Found a gateway to Hell.
 56004 | D:12     | Noticed an oklob plant
 56568 | D:20     | Reached XP level 18. HP: 85/85 MP: 38/38
 56676 | D:21     | Found a snail-covered altar of Cheibriados.
 56928 | D:22     | Identified the amulet "Beop" {+Rage Str+4 Int-5}
 56960 | D:22     | Identified the cursed ring of Ximurupa {SustAb rF+ rC+ Int+2}
 57295 | D:22     | Noticed Frederick
 57335 | D:22     | Killed Frederick
 57456 | D:22     | Identified the ring "Piryunir" {Fire +Rage}
 58457 | D:22     | Identified the cursed ring of the Hidden Tales {Hunger- rC+ Dex-2 Int+3} (You took it off an ogre mage on level 22 of the Dungeon)
 59400 | D:24     | Found Plan's Food Boutique.
 59404 | D:24     | Bought a pear for 8 gold pieces
 59407 | D:24     | Found Osistriaz's Food Boutique.
 59443 | D:24     | Found Shifer's Food Shoppe.
 59468 | D:24     | Bought a choko for 4 gold pieces
 59767 | D:24     | Found a one-way gate leading to the halls of Pandemonium.
 59822 | D:24     | Found Ohalait's Magic Scroll Shoppe.
 59945 | D:24     | Found a snail-covered altar of Cheibriados.
 60035 | D:24     | Found Evierisch's Antique Armour Emporium.
 60335 | D:24     | Bought a snozzcumber for 4 gold pieces
 60335 | D:24     | Bought a lychee for 4 gold pieces
 60335 | D:24     | Bought a lychee for 4 gold pieces
 60351 | D:24     | Bought a snozzcumber for 4 gold pieces
 60622 | D:25     | Entered Level 25 of the Dungeon
 60622 | D:25     | Noticed Sojobo
 60815 | D:26     | Reached XP level 19. HP: 75/89 MP: 40/40
 61408 | D:27     | Entered Level 27 of the Dungeon
 61671 | D:27     | Noticed a bone dragon
 61705 | D:27     | Killed a bone dragon
 62689 | D:22     | HP: 4/86 [titan (44)]
 62690 | D:22     | Mangled by a titan

Action                   |  1- 3 |  4- 6 |  7- 9 | 10-12 | 13-15 | 16-18 | 19-21 || total
-------------------------+-------+-------+-------+-------+-------+-------+-------++-------
Melee: Dagger            |   128 |   195 |   561 |  2044 |  2453 |  2091 |    23 ||  7495
       Blowgun           |       |     6 |       |       |       |       |       ||     6
       Sabre             |       |       |       |       |  1958 |  2496 |   196 ||  4650
       Unarmed           |       |       |       |       |       |    29 |       ||    29
 Fire: Blowgun           |     4 |    37 |   201 |   210 |    83 |    37 |       ||   572
Throw: Dart              |       |     4 |    22 |     2 |     6 |       |       ||    34
Evoke: Wand              |       |     2 |    14 |    22 |    29 |    38 |     3 ||   108
       Rod               |       |       |       |       |       |    14 |       ||    14
       Miscellaneous     |       |       |       |       |       |    14 |    12 ||    26
  Use: Potion            |       |     3 |       |    13 |    11 |     9 |     2 ||    38
       Scroll            |       |     5 |    12 |    27 |     7 |    28 |     6 ||    85
 Stab: Sleeping          |     6 |    10 |    20 |    73 |   176 |   150 |     9 ||   444
       Distracted        |       |       |     5 |     6 |    29 |    38 |    14 ||    92
       Paralysed         |       |       |     5 |     1 |     1 |     4 |       ||    11
       Fleeing           |       |       |     1 |       |       |     2 |     1 ||     4
       Confused          |       |       |       |     1 |     1 |     1 |       ||     3
       Invisible         |       |       |       |     1 |    10 |       |       ||    11
       Petrifying        |       |       |       |       |       |     1 |     4 ||     5
       Petrified         |       |       |       |       |       |       |     9 ||     9
